 Dungeon Crawl Stone Soup version 0.24.0-123-gd5b16e6ec5 (webtiles) character file.

Game seed: 11804429028169944658, levelgen mode: deterministic

3435 ReteAZ the Cleaver (level 9, -3/75 HPs)
             Began as a Minotaur Fighter on Dec 26, 2019.
             Was a Priest of Okawaru.
             Slain by Erica
             ... wielding a +0 scimitar of flaming
              (7 damage)
             ... on level 8 of the Dungeon.
             The game lasted 00:11:15 (6393 turns).

ReteAZ the Cleaver (Minotaur Fighter)               Turns: 6393, Time: 00:11:16

Health: -3/75      AC: 10    Str: 28    XL:     9   Next: 77%
Magic:  8/8        EV: 15    Int:  5    God:    Okawaru [***...]
Gold:   122        SH: 11    Dex: 17    Spells: 8/8 levels left

rFire    . . .     SeeInvis .   a - +0 war axe
rCold    . . .     Gourm    .   c - +0 shield
rNeg     . . .     Faith    .   b - +0 scale mail
rPois    .         Spirit   .   F - +2 hat
rElec    .         Reflect  .   (no cloak)
rCorr    .         Harm     .   (no gloves)
MR       .....                  E - +0 pair of boots
Stlth    ++........             z - amulet of the acrobat
HPRegen  0.22/turn              C - +4 ring of strength
MPRegen  0.11/turn              (no ring)

@: agile, flying, hasted and slowed
A: retaliatory headbutt, horns 2, repulsion field 1, thin skeletal structure 1,
blurry vision 1
a: Heroism, Renounce Religion


You were on level 8 of the Dungeon.
You worshipped Okawaru.
Okawaru was most pleased with you.
You were not hungry.

You visited 2 branches of the dungeon, and saw 9 of its levels.
You also visited: Sewer.

You collected 409 gold pieces.
You spent 287 gold pieces at shops.

Inventory:

Hand Weapons
 a - a +0 war axe (weapon)
Missiles
 y - 17 poisoned darts (quivered)
Armour
 b - a +0 scale mail (worn)
 c - a +0 shield (worn)
 E - a +0 pair of boots (worn)
 F - a +2 hat (worn)
Jewellery
 m - an uncursed ring of ice
 t - an uncursed ring of wizardry
 z - an amulet of the acrobat (around neck)
 A - an uncursed ring of flight
 C - a +4 ring of strength (left hand)
Scrolls
 e - 7 scrolls of identify
 i - 2 scrolls of magic mapping
 j - 2 scrolls of random uselessness {unknown}
 k - a scroll of amnesia {unknown}
 l - a scroll of fear {unknown}
 o - 3 scrolls of enchant weapon {unknown}
 p - 2 scrolls of immolation {unknown}
 q - 3 scrolls of noise {unknown}
 u - 3 scrolls of blinking {unknown}
 w - a scroll of fog {unknown}
 x - 2 scrolls of teleportation {unknown}
Potions
 g - a potion of might
 h - 2 potions of degeneration
 n - 2 potions of brilliance
Comestibles
 f - 17 rations
 B - 7 chunks of flesh


   Skills:
 - Level 6.1 Fighting
 * Level 13.8 Axes
 - Level 6.1 Armour
 - Level 6.1 Shields


You had 8 spell levels left.
You didn't know any spells.
Your spell library contained the following spells:

 Spells                   Type           Power        Failure   Level  Hunger
 Apportation              Tloc           #.....       98%         1    ##.....
 Summon Butterflies       Summ           #.......     98%         1    ##.....
 Lesser Beckoning         Tloc           #.........   100%        3    ####...
 Tukima's Dance           Hex            #.......     100%        3    ####...
 Alistair's Intoxication  Tmut/Pois      #.......     100%        5    ######.
 Invisibility             Hex            #.......     100%        6    #######


Dungeon Overview and Level Annotations

Branches:
Dungeon (8/15)             Temple (1/1) D:4           Sewer (visited)
   Lair: D:8-11

Altars:
Ashenzari
Cheibriados
Dithmenos
Elyvilon
Fedhas
Gozag
Kikubaaqudgha
Makhleb
Okawaru
Qazlal
Sif Muna
Vehumet
Wu Jian
Xom
Yredelemnul
The Shining One

Shops:
D:6 [   D:7 *

Annotations:
D:4 exclusion: oklob plant
D:8 Erica


Innate Abilities, Weirdness & Mutations

You reflexively headbutt those who attack you in melee.
You have a pair of horns on your head.
You are surrounded by a mild repulsion field. (EV +2)
You have a somewhat thin skeletal structure. (Dex +2, Stealth)
Scrolls take you a little longer to read.


Message History

The orc warrior is almost dead.
You slash something! Something hits you but does no damage.
The orc warrior hits you with a +0 halberd.
* * * LOW HITPOINT WARNING * * *
You slash the orc warrior!
You kill the orc warrior!
Okawaru accepts your kill.
You miss something. Something hits you.
* * * LOW HITPOINT WARNING * * *
Something burns you.
* * * LOW HITPOINT WARNING * * *
It was a potion of agility.
You feel agile all of a sudden.
It was a potion of flight.
You feel very buoyant.
You fly up into the air.
Something hits you but does no damage. You block something's attack.
You begin reading the scroll.
You continue reading the scroll.
Something hits you!
You die...

..# ..##
...#
#...#
....
##..#
#).#
##@.#
#.{##
#<.#
#.....##
##.....
#......
#..######
#..# ..##


There were no monsters in sight!

Vanquished Creatures
  Joseph (D:7)
  6 yaks
  Eustachio (D:4)
  Menkaure (D:4)
  Edmund (D:4)
  Purgy (Sewer)
  An orc warrior (D:8)
  A sky beast (D:7)
  4 ogres
  2 phantoms (D:4)
  A centaur (D:7)
  3 scorpions
  3 crimson imps
  A quasit (D:7)
  An orc priest (D:4)
  A gnoll shaman (D:7)
  A bullfrog skeleton (D:4)
  A hound (D:8)
  Natasha (twice) (D:2)
  3 orc wizards
  8 worker ants
  A worker ant zombie (D:5)
  4 gnolls (D:7)
  6 adders
  A howler monkey skeleton (D:4)
  A river rat (D:4)
  A shadow imp (D:3)
  2 oozes
  An adder zombie (D:5)
  4 worms
  5 dart slugs
  3 leopard geckos
  27 orcs
  7 giant cockroaches
  9 hobgoblins
  4 jackals
  3 quokkas
  8 bats
  10 frilled lizards
  9 goblins
  15 kobolds
  A quokka zombie (D:6)
  5 rats
171 creatures vanquished.

Notes
Turn   | Place    | Note
-------+----------+-------------------------------------------
     0 | D:1      | ReteAZ the Minotaur Fighter began the quest for the Orb.
     0 | D:1      | Reached XP level 1. HP: 19/19 MP: 0/0
   231 | D:1      | Reached XP level 2. HP: 24/27 MP: 1/1
   345 | D:1      | Reached skill level 3 in Axes
   950 | D:2      | Reached XP level 3. HP: 31/33 MP: 2/2
  1057 | D:2      | Noticed Natasha
  1075 | D:2      | Killed Natasha
  1075 | D:2      | Reached XP level 4. HP: 12/40 MP: 3/3
  1177 | D:2      | Reached skill level 4 in Axes
  1409 | D:2      | Noticed Natasha
  1412 | D:2      | Killed Natasha
  1548 | D:2      | Found a shimmering blue altar of Sif Muna.
  1718 | D:3      | Reached XP level 5. HP: 44/47 MP: 4/4
  2373 | D:4      | Noticed Edmund
  2377 | D:4      | Found a glowing drain.
  2383 | D:4      | Killed Edmund
  2383 | D:4      | Reached skill level 5 in Axes
  2383 | D:4      | Reached XP level 6. HP: 48/55 MP: 5/5
  2396 | D:4      | Reached skill level 5 in Fighting
  2396 | D:4      | Reached skill level 5 in Armour
  2396 | D:4      | Reached skill level 5 in Shields
  2416 | D:4      | Reached skill level 6 in Axes
  2453 | D:4      | Reached XP level 7. HP: 18/61 MP: 6/6
  2458 | Sewer    | Entered a sewer
  2761 | Sewer    | Noticed Purgy
  2765 | Sewer    | Killed Purgy
  2897 | D:4      | Noticed Menkaure
  3116 | D:4      | Found a staircase to the Ecumenical Temple.
  3122 | Temple   | Entered the Ecumenical Temple
  3245 | Temple   | Became a worshipper of Warmaster Okawaru
  3283 | D:4      | Noticed Eustachio
  3288 | D:4      | Gained mutation: You have a somewhat thin skeletal
                  | structure. (Dex +2, Stealth) [potion of mutation]
  3288 | D:4      | Gained mutation: Scrolls take you a little longer to read.
                  | [potion of mutation]
  3288 | D:4      | Gained mutation: You are surrounded by a mild repulsion
                  | field. (EV +2) [potion of mutation]
  3304 | D:4      | Killed Eustachio
  3340 | D:4      | Reached skill level 7 in Axes
  3366 | D:5      | Entered Level 5 of the Dungeon
  3721 | D:4      | Killed Menkaure
  3721 | D:4      | Reached * piety under Okawaru
  3721 | D:4      | Reached XP level 8. HP: 60/70 MP: 7/7
  3844 | D:4      | Reached skill level 8 in Axes
  4003 | D:4      | Found a stormy altar of Qazlal.
  4066 | D:4      | Found a blossoming altar of Fedhas.
  4089 | D:4      | Noticed an oklob plant
  4286 | D:5      | Reached skill level 9 in Axes
  4371 | D:5      | Found a shattered altar of Ashenzari.
  4643 | D:5      | Found a white marble altar of Elyvilon.
  4698 | D:5      | Found a basalt altar of Yredelemnul.
  4856 | D:6      | Reached skill level 10 in Axes
  5153 | D:5      | Reached ** piety under Okawaru
  5600 | D:6      | Found an ornate altar of the Wu Jian Council.
  5635 | D:6      | Reached skill level 11 in Axes
  5635 | D:6      | Reached XP level 9. HP: 67/75 MP: 8/8
  5648 | D:6      | Reached skill level 12 in Axes
  5725 | D:6      | Found Gaejurye's Armour Boutique.
  5738 | D:6      | Bought a +0 pair of boots for 63 gold pieces
  5738 | D:6      | Bought a +2 hat for 224 gold pieces
  5976 | D:7      | Noticed Joseph
  5993 | D:7      | Killed Joseph
  5993 | D:7      | Reached skill level 13 in Axes
  6044 | D:7      | Reached *** piety under Okawaru
  6245 | D:7      | Found Gozag's Platinum Reserve.
  6263 | D:7      | Found an opulent altar of Gozag.
  6365 | D:8      | Noticed Erica
  6389 | D:8      | HP: 3/75 [something (1)]
  6393 | D:8      | Slain by Erica

Levels and vault maps discovered:
D:1:      lightli_arrival_maybe_door_vault, layout_loops_corners,
          minmay_strange_pillars, minmay_octomino_j4
D:2:      layout_basic, lemuel_blue_sif_altar, uniq_natasha
D:3:      layout_basic, first_ration, bh_walls_and_bars
D:4:      layout_cave_pools, lemuel_doored_altar,
          minmay_temple_entry_butterflies, cheibrodos_sewer_entry_sluice,
          supply_closet_lemuel, minmay_liquid_box, tgw_fedhas, uniq_eustachio,
          uniq_menkaure, uniq_edmund
D:5:      layout_cave_pools, kennysheep_ying_yang, nicolae_ashenzari_panopticon,
          minmay_misc_feat_plants, nrook_loot_triangle, kennysheep_dice
D:6:      layout_basic, nicolae_overflow_crystal_walls, serial_shops, shop
D:7:      layout_rooms, nicolae_gozag_zags_fifth_avenue, uniq_joseph
D:8:      wander_river, layout_cave_pods, gammafunk_temple_overflow_pools,
          uniq_erica
Temple:   nicolae_temple_figure_eight

Skill      XL: |  1  2  3  4  5  6  7  8  9 |
---------------+----------------------------+-----
Axes           | 3 4 5 6 7 11 13 | 13.8
Armour         | 4 5 6 |  6.1
Fighting       | 4 5 6 |  6.1
Shields        | 4 5 6 |  6.1

Action                   |  1- 3 |  4- 6 |  7- 9 || total
-------------------------+-------+-------+-------++-------
Melee: War axe           |    31 |    86 |   253 ||   370
       Headbutt          |    18 |    33 |    47 ||    98
       Hand axe          |    84 |    55 |       ||   139
Throw: Dart              |       |       |     5 ||     5
       Throwing net      |       |       |     2 ||     2
Invok: Heroism           |       |       |     1 ||     1
  Use: Potion            |     1 |     1 |    11 ||    13
       Scroll            |       |     3 |       ||     3
 Stab: Invisible         |       |       |     3 ||     3
  Eat: Chunk             |     1 |     4 |    13 ||    18
Armor: Scale mail        |    37 |    66 |    54 ||   157
Dodge: Dodged            |    27 |    48 |    88 ||   163
Block: Shield            |    63 |    82 |   128 ||   273
